 Dungeon Crawl Stone Soup version 0.31-a0-1098-g6898e6545c (webtiles) character file.

Game seed: 5833045218147266359

6 ILmort the Changeling (level 1, 15/15 HPs)
             Began as a Merfolk Shapeshifter on Nov 30, 2023.
             Quit the game on level 1 of the Dungeon.
             The game lasted 00:01:25 (162 turns).

ILmort the Changeling (Merfolk Shapeshifter)         Turns: 162, Time: 00:01:26

Health: 15/15      AC:  2    Str: 14    XL:     1   Next: 90%
Magic:  1/1        EV: 13    Int:  9    God:
Gold:   11         SH:  0    Dex: 13    Spells: 0/0 levels left

rFire   . .          .
                       - Unarmed
rCold   . . .        (no shield)
rNeg    . . .        a - +0 animal skin
rPois   .            (helmet currently unavailable)
rElec   .            (cloak currently unavailable)
rCorr   .            (gloves currently unavailable)
SInv    .            (boots currently unavailable)
Will    .....        (no amulet)
Stlth   +            (no ring)
HPRegen 0.22/turn    (no ring)
MPRegen 0.07/turn

%: no passive effects
@: beast-form
A: beast (slay +2), (nimble swimmer 2), mertail
a: Begin Untransformation


You were on level 1 of the Dungeon.
You were a hulking beast.
You visited 1 branch of the dungeon, and saw 1 of its levels.

You collected 11 gold pieces.

Inventory:

Armour
 a - a +0 animal skin (worn)
Talismans
 c - a beast talisman (active)
 d - a flux talisman
Scrolls
 e - a scroll of torment {unknown}
 f - a scroll of acquirement {unknown}
 g - a scroll of teleportation {unknown}
 h - a scroll of identify {unknown}
Potions
 b - a potion of lignification
 i - a potion of heal wounds {unknown}


   Skills:
 - Level 1.1 Fighting
 + Level 3.1 Dodging
 + Level 3.5 Unarmed Combat
 - Level 4.0 Shapeshifting


You couldn't memorise any spells.
You didn't know any spells.
Your spell library was empty.

Dungeon Overview and Level Annotations

Branches:
Dungeon (1/15)

Altars:


Innate Abilities, Weirdness & Mutations

You are a hulking beast.
Your limbs bulge with bestial killing power. (Slay +2)
((You are very nimble when in or above water. (Stealth+, EV+, Speed+++)))
Your lower body shifts to a powerful aquatic tail in water.


Message History

g - a scroll labelled ETIMNU RYEQAO
h - a scroll labelled KEHEBL ZUAF A goblin comes into view.
It is wielding a +0 dagger.
The goblin shouts!
A giant cockroach comes into view.
You punch the goblin!
You kill the goblin!
Your Dodging skill increases to level 3!
Things that are here:
a +0 dagger; a goblin corpse You hit the giant cockroach.
The giant cockroach completely misses you.
You hit the giant cockroach but do no damage.
The giant cockroach bites you.
You hit the giant cockroach. The giant cockroach bites you.
You are too injured to fight recklessly!
You are too injured to fight recklessly!
You are too injured to fight recklessly!
You are too injured to fight recklessly!
You are too injured to fight recklessly!
You are too injured to fight recklessly!
You are too injured to fight recklessly!
You are too injured to fight recklessly!
You hit the giant cockroach but do no damage.
The giant cockroach misses you.
You barely miss the giant cockroach.
The giant cockroach barely misses you. x2
You hit the giant cockroach.
You kill the giant cockroach!
You see here a giant cockroach corpse.
A rat comes into view.
You closely miss the rat. The rat bites you.
You hit the rat.
You kill the rat!
No target in view!
No target in view!
No target in view!
No target in view!
No target in view!
Found a dagger.
i - a puce potion

##.######
#.....h.#
#..####.# #..##
#.# ##....##.#
#......).# .....#
#...###..# #.....#
#... #..# ##.....#
#.#.###.##
#.......##.......#


There were no monsters in sight!

Vanquished Creatures
  2 endoplasms (D:1)
  A giant cockroach (D:1)
  A goblin (D:1)
  A rat (D:1)
5 creatures vanquished.

Notes
Turn   | Place    | Note
-------+----------+-------------------------------------------
     0 | D:1      | ILmort the Merfolk Shapeshifter began the quest for the
                  | Orb.
     0 | D:1      | Reached XP level 1. HP: 15/15 MP: 1/1
   162 | D:1      | Quit the game

Illustrated notes

Levels and vault maps discovered:
D:1:      elethiomel_arrival_infinity_welcomes_careful_drivers,
          layout_loops_cross, chequers_serial_rivers_micro_e

Skill      XL: |  1 |
---------------+----+-----
Dodging        | 3 |  3.1
Fighting       | |  1.1
Unarmed Combat | |  3.5
Shapeshifting  | |  4.0

Action                     || total
---------------------------++-------
  Melee: Unarmed           ||    11
Ability: Begin Untransform ||     1
   Stab: Sleeping          ||     1
 Armour: Animal skin       ||     3
  Dodge: Dodged            ||     5
   Form: Beast             ||     1

Table legend: (Time is in decaauts)
 A = Elapsed time spent in this place.
 B = Non-inter-level travel time spent in this place.
 C = Inter-level travel time spent in this place.
 D = Time resting spent in this place.
 E = Time spent auto-exploring this place.
 F = Levels seen in this place.
 G = Mean time per level.
                   A        B        C        D        E       F      G
               +--------+--------+--------+--------+--------+-----+--------+
         Total |    161 |    161 |      0 |      0 |    107 |   1 |  161.0 |
       Dungeon |    161 |    161 |      0 |      0 |    107 |   1 |  161.0 |
               +--------+--------+--------+--------+--------+-----+--------+

Top non-repeatable levels by time:
     D:1: 161 daAuts
